 Dungeon Crawl Stone Soup version 0.27-a0-1181-g5f64966fcc (webtiles) character file.

Game seed: 6144767871760723588

1025 leviel the Thaumaturge (level 8, -2/42 HPs)
             Began as a Deep Elf Venom Mage on May 17, 2021.
             Was a Follower of Sif Muna.
             Slain by a black bear (5 damage)
             ... on level 5 of the Dungeon.
             The game lasted 00:17:00 (7205 turns).

leviel the Thaumaturge (Deep Elf Venom Mage)        Turns: 7205, Time: 00:17:00

Health: -2/42      AC:  3    Str:  5    XL:     8   Next: 2%
Magic:  19/22      EV: 10    Int: 23    God:    Sif Muna [*.....]
Gold:   267        SH:  6    Dex: 15    Spells: 13/23 levels left

rFire    . . .     SeeInvis .   u - +1 rapier (venom)
rCold    . . .     Faith    .   y - +0 kite shield
rNeg     . . .     Spirit   .   a - +0 robe
rPois    .         Reflect  .   (no helmet)
rElec    .         Harm     .   m - +0 cloak
rCorr    .         Rampage  .   (no gloves)
Will     .....                  (no boots)
Stlth    ++........             (no amulet)
HPRegen  0.14/turn              (no ring)
MPRegen  0.18/turn              (no ring)

@: no status effects
A: no striking features
a: Renounce Religion, Channel Magic


You were on level 5 of the Dungeon.
You worshipped Sif Muna.
Sif Muna was aware of your devotion.
You visited 2 branches of the dungeon, and saw 6 of its levels.

You collected 280 gold pieces.
You spent 13 gold pieces at shops.

Inventory:

Hand Weapons
 e - a +4 dagger
 f - a +0 dagger of freezing
 u - a +1 rapier of venom (weapon)
Missiles
 g - 2 throwing nets
Armour
 a - a +0 robe (worn)
 m - a +0 cloak (worn)
 y - a +0 kite shield (worn)
Jewellery
 s - a +4 ring of protection
 w - a ring of fire
Wands
 v - a wand of flame (11)
Scrolls
 d - 7 scrolls of identify {unknown}
 h - a scroll of amnesia {unknown}
 o - a scroll of enchant weapon {unknown}
 p - 2 scrolls of fog {unknown}
 r - a scroll of noise {unknown}
Potions
 b - 2 potions of lignification {unknown}
 c - a potion of might {unknown}
 i - 2 potions of heal wounds {unknown}
 j - a potion of flight {unknown}
 k - 2 potions of mutation {unknown}
 l - a potion of haste {unknown}
 n - 2 potions of cancellation {unknown}
 q - 2 potions of curing {unknown}
 t - a potion of invisibility {unknown}
 x - a potion of attraction {unknown}


   Skills:
 + Level 0.4 Fighting
 + Level 1.1 Short Blades
 + Level 3.4 Dodging
 + Level 3.4 Stealth
 + Level 0.1 Shields
 * Level 8.1 Spellcasting
 + Level 3.2 Transmutations
 + Level 2.7 Air Magic
 + Level 5.9 Poison Magic
 * Level 1.2 Invocations
 + Level 0.1 Evocations


You had 13 spell levels left.
You knew the following spells:

 Your Spells              Type           Power      Damage    Failure   Level
a - Sting                 Tmut/Pois      100%       1d8       7%          1
b - Poisonous Vapours     Pois/Air       58%        N/A       12%         2
c - Mephitic Cloud        Conj/Pois/Air  22%        N/A       38%         3
d - Olgreb's Toxic Radia  Pois           36%        N/A       36%         4

Your spell library contained the following spells:

 Spells                   Type           Power      Damage    Failure   Level
 Ignite Poison            Fire/Tmut/Pois 23%        N/A       36%         3
 Magic Dart               Conj           36%        1d4       43%         1
 Searing Ray              Conj           18%        3d3       56%         2
 Dazzling Flash           Conj/Hex       18%        N/A       80%         3
 Fulminant Prism          Conj/Hex       4%         3d6       99%         4
 Iskenderun's Mystic Bla  Conj/Tloc      9%         2d4       99%         4


Dungeon Overview and Level Annotations

Branches:
Dungeon (5/15)             Temple (1/1) D:4

Altars:
Dithmenos
Elyvilon
Gozag
Hepliaklqana
Kikubaaqudgha
Makhleb
Qazlal
Sif Muna
Trog
Uskayaw
Vehumet
Wu Jian
Xom
Yredelemnul
The Shining One

Shops:
D:1 **[[


Message History

You have reached level 8!
You feel clever.
You start resting.
HP restored.
There is an open door here.
There is an open door here.
Found a stone staircase leading down.
Found a short sword.
You open the door.
Found a hazy altar of Hepliaklqana.
You see here a +0 short sword.
You see here a +0 hand axe.
Found a stone staircase leading down.
There is a stone staircase leading down here.
You now have 267 gold pieces (gained 17).
A black bear comes into view.
A black bear is nearby!
A black bear is nearby!
The puff of flame hits the black bear.
The black bear is lightly wounded.
The black bear growls angrily.
Poisonous vapours surround the black bear!
The black bear is engulfed in poison gas.
The black bear is poisoned.
Poisonous vapours surround the black bear!
The black bear is engulfed in poison gas.
The black bear looks even sicker.
The black bear goes berserk!
The black bear looks even sicker.
The black bear bites you! The black bear barely misses you. x2
The black bear bites you. The black bear barely misses you.
The black bear claws you.
The black bear rages.
The black bear bites you! The black bear claws you.
You block the black bear's attack. The black bear bites you!
* * * LOW HITPOINT WARNING * * *
The black bear claws you.
* * * LOW HITPOINT WARNING * * *
The black bear claws you.
You die...

#####.# #^....#
######### #.#####
#.......# #.#
###.#####.# #.#
#...#...#.# #.#
#.###.#.#.# #.#####
#.###.#.#.# #......
#.@h..#.#.#########
#######.#.......#..
.#######.#.# .#
#...# .. #####


You could see a black bear (berserk, very poisoned).

Vanquished Creatures
  Eustachio (D:5)
  2 ice beasts (D:5)
  2 scorpions
  A crimson imp (D:4)
  3 hounds
  2 bullfrog skeletons
  2 iguanas
  A scorpion zombie (D:5)
  Natasha (twice) (D:2)
  An orc wizard (D:4)
  A hound skeleton (D:4)
  3 gnolls (D:2)
  10 adders
  An ufetubus (D:4)
  3 dart slugs
  4 orcs
  10 ball pythons
  10 endoplasms
  5 giant cockroaches
  14 goblins
  10 hobgoblins
  11 jackals
  2 quokkas
  5 bats
  2 frilled lizards
  7 kobolds
  7 rats
122 creatures vanquished.

Vanquished Creatures (others)
  A wizard (D:4)
1 creature vanquished.

Grand Total: 123 creatures vanquished

Notes
Turn   | Place    | Note
-------+----------+-------------------------------------------
     0 | D:1      | leviel the Deep Elf Venom Mage began the quest for the Orb.
     0 | D:1      | Reached XP level 1. HP: 10/10 MP: 6/6
    43 | D:1      | Reached XP level 2. HP: 15/15 MP: 0/8
   172 | D:1      | Found Dahiuzu's Antique Armour Emporium.
   378 | D:1      | Found Fuxaggiq's Armour Shop.
   499 | D:1      | Found Kaol's General Store.
   567 | D:1      | Reached XP level 3. HP: 18/19 MP: 5/10
   823 | D:1      | Found Dinam's General Store.
   827 | D:1      | Bought a potion of degeneration for 13 gold pieces
  1083 | D:2      | Found a faded altar of an unknown god.
  1088 | D:2      | Learned a level 2 spell: Poisonous Vapours
  1125 | D:2      | Reached skill level 4 in Spellcasting
  1207 | D:2      | Noticed Natasha
  1223 | D:2      | Killed Natasha
  1224 | D:2      | Reached XP level 4. HP: 22/24 MP: 6/12
  1727 | D:2      | Found a white marble altar of Elyvilon.
  1781 | D:2      | Reached skill level 1 in Air Magic
  1781 | D:2      | Reached XP level 5. HP: 28/28 MP: 8/13
  1790 | D:2      | Learned a level 3 spell: Mephitic Cloud
  1795 | D:2      | Learned a level 4 spell: Olgreb's Toxic Radiance
  1972 | D:2      | Noticed Natasha
  1976 | D:2      | Killed Natasha
  2512 | D:3      | Reached skill level 5 in Spellcasting
  3669 | D:4      | Reached XP level 6. HP: 32/32 MP: 9/15
  3719 | D:4      | Found a staircase to the Ecumenical Temple.
  3730 | Temple   | Entered the Ecumenical Temple
  3892 | Temple   | Became a worshipper of Sif Muna the Loreminder
  4151 | D:4      | Reached skill level 5 in Poison Magic
  4443 | D:4      | Found a radiant altar of Vehumet.
  4443 | D:4      | Found a burning altar of Makhleb.
  4460 | D:4      | Reached skill level 6 in Spellcasting
  4771 | D:4      | Found a bloodstained altar of Trog.
  5003 | D:4      | Noticed a wizard
  5006 | D:4      | Killed a wizard
  5027 | D:5      | Entered Level 5 of the Dungeon
  5028 | D:5      | Noticed an ice beast
  5213 | D:5      | Reached XP level 7. HP: 8/36 MP: 6/18
  5559 | D:5      | Noticed Eustachio
  5571 | D:5      | Killed Eustachio
  5571 | D:5      | Reached * piety under Sif Muna
  5572 | D:5      | Reached skill level 7 in Spellcasting
  6516 | D:5      | Reached skill level 1 in Short Blades
  6822 | D:5      | Reached skill level 8 in Spellcasting
  6822 | D:5      | Reached skill level 1 in Invocations
  6822 | D:5      | Reached XP level 8. HP: 18/42 MP: 22/22
  7085 | D:5      | Found a hazy altar of Hepliaklqana.
  7205 | D:5      | Slain by a black bear

Illustrated notes

Levels and vault maps discovered:
D:1:      grunt_arrival_crossed_arrows, layout_rooms, serial_shops, shop_statue,
          shop, shop, nicolae_shop_behind_doors
D:2:      layout_basic, basic_altar, shapermc_ecumenical_altar_venn,
          minmay_misc_feat_secret_circle, uniq_natasha
D:3:      layout_loops_cross
D:4:      layout_basic, grunt_temple_overflow_lords_of_destruction, trog_wizard,
          minmay_temple_entry_trees
D:5:      cheibrodos_quashed, layout_basic, kennysheep_mini, uniq_eustachio
Temple:   jpeg_temple_clearing

Skill      XL: |  1  2  3  4  5  6  7 |
---------------+----------------------+-----
Poison Magic   | 4 5 |  5.9
Spellcasting   | 4 5 6 8 |  8.1
Transmutations | 2 3 |  3.2
Air Magic      | 1 2 |  2.7
Dodging        | 3 |  3.4
Stealth        | 3 |  3.4
Short Blades   | 1 |  1.1
Invocations    | 1 |  1.2
Fighting       | |  0.4
Shields        | |  0.1
Evocations     | |  0.1

Action                   |  1- 3 |  4- 6 |  7- 9 || total
-------------------------+-------+-------+-------++-------
Melee: Unarmed           |    10 |       |       ||    10
       Dagger            |     8 |    40 |       ||    48
       Rapier            |       |       |    17 ||    17
 Cast: Sting             |    59 |    55 |    14 ||   128
       Poisonous Vapours |     7 |    76 |    26 ||   109
       Olgreb's Toxic Ra |       |     1 |       ||     1
Evoke: Wand              |       |       |     9 ||     9
 Stab: Sleeping          |     2 |     1 |       ||     3
Armor: Robe              |     7 |    21 |     6 ||    34
Dodge: Dodged            |    23 |    50 |    22 ||    95
Block: Kite shield       |       |       |     8 ||     8

Table legend: (Time is in decaauts)
 A = Elapsed time spent in this place.
 B = Non-inter-level travel time spent in this place.
 C = Inter-level travel time spent in this place.
 D = Time resting spent in this place.
 E = Time spent auto-exploring this place.
 F = Levels seen in this place.
 G = Mean time per level.
                   A        B        C        D        E       F      G
               +--------+--------+--------+--------+--------+-----+--------+
         Total |   7210 |   6893 |    317 |    938 |   5075 |   6 | 1201.7 |
       Dungeon |   7037 |   6769 |    268 |    938 |   4954 |   5 | 1407.4 |
        Temple |    172 |    123 |     49 |      0 |    121 |   1 |  172.0 |
               +--------+--------+--------+--------+--------+-----+--------+

Top non-repeatable levels by time:
     D:5: 1776 daAuts
     D:4: 1603 daAuts
     D:2: 1411 daAuts
     D:3: 1338 daAuts
     D:1: 908 daAuts
  Temple: 172 daAuts
